 Dungeon Crawl Stone Soup version 0.29-a0-1008-g949cc1d0fb (webtiles) character file.

Game seed: 4623326322715575959

77 drpainis the Sneak (level 4, -6/21 HPs)
             Began as a Spriggan Enchanter on Aug 7, 2022.
             Splashed by a jelly's acid (8 damage)
             ... on level 6 of the Dungeon.
             The game lasted 00:05:00 (3705 turns).

drpainis the Sneak (Spriggan Enchanter)             Turns: 3705, Time: 00:05:02

Health: -6/21      AC: -2    Str:  4    XL:     4   Next: 13%
Magic:  8/10       EV: 18    Int: 16    God:
Gold:   115        SH:  0    Dex: 17    Spells: 2/10 levels left

rFire   . . .      SeeInvis +   a - +1 dagger
rCold   . . .      Faith    .   (no shield)
rNeg    . . .      Spirit   .   b - +0 robe
rPois   .          Reflect  .   (helmet restricted)
rElec   .          Harm     .   (no cloak)
rCorr   .          Rampage  .   (gloves unavailable)
Will    .....                   (boots unavailable)
Stlth   +++.......              (no amulet)
HPRegen 0.07/turn               (no ring)
MPRegen 0.12/turn               (no ring)

@: corroded, invisible, very quick
A: very small, no large weapons, unfitting armour, see invisible, speed 3
a: no special abilities


You were on level 6 of the Dungeon.
You visited 1 branch of the dungeon, and saw 4 of its levels.

You collected 115 gold pieces.

Inventory:

Hand Weapons
 a - a +1 dagger (weapon)
Armour
 b - a +0 robe (worn)
Jewellery
 f - an amulet of faith
 q - an amulet of reflection
Wands
 s - a wand of mindburst (10)
Scrolls
 h - 2 scrolls of vulnerability {unknown}
 i - 2 scrolls of enchant armour {unknown}
 k - 2 scrolls of enchant weapon {unknown}
 l - 3 scrolls of identify {unknown}
 n - 2 scrolls of poison {unknown}
 o - a scroll of silence {unknown}
 p - a scroll of brand weapon {unknown}
 r - a scroll of butterflies {unknown}
Potions
 c - 2 potions of invisibility
 d - 2 potions of magic {unknown}
 e - a potion of curing {unknown}
 g - a potion of haste {unknown}
 j - 2 potions of flight {unknown}
 m - 2 potions of degeneration {unknown}


   Skills:
 + Level 1.7 Short Blades
 + Level 3.1 Dodging
 + Level 5.6 Stealth
 + Level 3.7 Spellcasting
 + Level 4.2 Hexes


You had 2 spell levels left.
You knew the following spells:

 Your Spells              Type           Power      Damage    Failure   Level
a - Ensorcelled Hibernat  Hex/Ice        18%        N/A       11%         2
b - Confusing Touch       Hex            16%        N/A       10%         3
c - Tukima's Dance        Hex            16%        N/A       10%         3

Your spell library contained the following spells:

 Spells                   Type           Power      Damage    Failure   Level
 Blink                    Tloc           4%         N/A       26%         2
 Dazzling Flash           Conj/Hex       18%        N/A       22%         3
 Lesser Beckoning         Tloc           2%         N/A       45%         3
 Manifold Assault         Tloc           2%         N/A       99%         5


Dungeon Overview and Level Annotations

Branches:
Dungeon (3/15)

Altars:


Innate Abilities, Weirdness & Mutations

You are very small and have problems with some larger weapons.
You are too small for most types of armour.
You have supernaturally acute eyesight. (SInv)
You cover ground extremely quickly. (Speed+++)


Message History

The orc shouts!
You hear a shout!
An orc comes into view. It is wielding a +0 club.
Found 15 gold pieces.
A jelly comes into view.
The jelly quivers.
A kobold brigand and a kobold come into view.
The kobold brigand is wielding a +0 dagger and quivering poisoned darts.
The jelly jiggles.
A kobold comes into view. It is wielding a +0 short sword.
A kobold comes into view. It is wielding a +0 dagger.
Found 6 gold pieces.
The kobold shouts!
You hear an angry hiss.
The jelly misses you.
Okay, then.
Okay, then.
You fade into invisibility!
The jelly misses you.
You hit the jelly but do no damage.
Your hands burn!
The jelly closely misses you.
You hit the jelly.
Your hands burn!
The jelly is moderately wounded.
The jelly hits you.
You are splashed with acid!
* * * LOW HITPOINT WARNING * * *
Casting: Ensorcelled Hibernation (safe; 11% risk of failure)
Confirm with . or Enter, or press ? or * to list all spells.
Aiming: Ensorcelled Hibernation (safe; 11% risk of failure)
Press: ? - help, Shift-Dir - straight line, f - jelly
Aim: a jelly (moderately wounded, chance to affect: 51%)
The jelly resists with some effort.
The jelly misses you.
You hit the jelly.
Your hands burn!
* * * LOW HITPOINT WARNING * * *
The jelly is moderately wounded.
The jelly misses you.
You hit the jelly. The acid corrodes you!
Your hands burn!
* * * LOW HITPOINT WARNING * * *
The jelly is heavily wounded.
The jelly hits you.
* * * LOW HITPOINT WARNING * * *
You are splashed with acid!
You die...

#### ### #. ##..# ##.# #.
#@.## #.## #. ##J####.#
... #.# ### ##K##.## #.#
#..###.. ##.#
#....####...# .....#..
#..# #........#
.#......##.## ##......###
.....###....#####.......#
.#...#.........#..#..##.#
.................#..##
#.#


You could see a jelly and a kobold (unable to see you).

Vanquished Creatures
  2 adders
  3 dart slugs
  8 endoplasms
  4 giant cockroaches
  3 goblins (D:1)
  A hobgoblin (D:1)
  3 jackals (D:1)
  2 quokkas
  4 ball pythons
  5 bats
  6 frilled lizards
  5 kobolds
  4 rats
50 creatures vanquished.

Vanquished Creatures (others)
  A plant (D:3)
1 creature vanquished.

Grand Total: 51 creatures vanquished

Notes
Turn   | Place    | Note
-------+----------+-------------------------------------------
     0 | D:1      | drpainis the Spriggan Enchanter began the quest for the
                  | Orb.
     0 | D:1      | Reached XP level 1. HP: 9/9 MP: 5/5
   373 | D:1      | Reached XP level 2. HP: 8/13 MP: 7/7
  1003 | D:1      | Learned a level 2 spell: Ensorcelled Hibernation
  1167 | D:1      | Noticed a golden eye
  1170 | D:1      | Found a faded altar of an unknown god.
  1172 | D:1      | Noticed a floating eye
  1176 | D:1      | Noticed a golden eye
  1176 | D:1      | Noticed a great orb of eyes
  1222 | D:1      | Reached XP level 3. HP: 16/16 MP: 0/9
  2198 | D:2      | Reached skill level 5 in Stealth
  2204 | D:2      | Learned a level 3 spell: Confusing Touch
  2208 | D:2      | Learned a level 3 spell: Tukima's Dance
  3566 | D:3      | Reached XP level 4. HP: 21/21 MP: 10/10
  3575 | D:3      | You fall into a shaft and drop 3 floors!
  3584 | D:6      | Noticed a sky beast
  3675 | D:6      | Noticed a kobold brigand
  3705 | D:6      | Splashed by a jelly's acid

Illustrated notes

Levels and vault maps discovered:
D:1:      wander_arrival_estate, layout_loops_ring,
          hellmonk_ecumenical_altar_watching_god, solitary_fountain,
          minmay_crystal_water, minmay_heptomino_o4
D:2:      layout_loops_ring, columned_hall_lemuel, kennysheep_generic_room_12
D:3:      layout_basic, serial_bayou, serial_bayou_shore_a, serial_bayou_pond_b,
          serial_bayou_pond_d, serial_bayou_pond_a, minmay_door_square,
          nicolae_eternal_life, minmay_misc_feat_tower, kennysheep_flooded_box
D:6:      layout_layer_cave, hangedman_decor_lopped, uniq_edmund

Skill      XL: |  1  2  3 |
---------------+----------+-----
Spellcasting   | 3 |  3.7
Dodging        | 3 |  3.1
Hexes          | 4 |  4.2
Stealth        | 5 |  5.6
Short Blades   | |  1.7

Action                   |  1- 3 |  4- 6 || total
-------------------------+-------+-------++-------
Melee: Dagger            |   137 |     5 ||   142
       Punch             |     1 |       ||     1
 Cast: Ensorcelled Hiber |    32 |     2 ||    34
  Use: Potion            |       |     1 ||     1
 Stab: Sleeping          |    24 |     1 ||    25
Armor: Robe              |    12 |       ||    12
Dodge: Dodged            |   107 |     6 ||   113

Table legend: (Time is in decaauts)
 A = Elapsed time spent in this place.
 B = Non-inter-level travel time spent in this place.
 C = Inter-level travel time spent in this place.
 D = Time resting spent in this place.
 E = Time spent auto-exploring this place.
 F = Levels seen in this place.
 G = Mean time per level.
                   A        B        C        D        E       F      G
               +--------+--------+--------+--------+--------+-----+--------+
         Total |   2985 |   2915 |     70 |    885 |   1460 |   4 |  746.2 |
       Dungeon |   2985 |   2915 |     70 |    885 |   1460 |   4 |  746.2 |
               +--------+--------+--------+--------+--------+-----+--------+

Top non-repeatable levels by time:
     D:1: 1707 daAuts
     D:2: 1068 daAuts
     D:3: 128 daAuts
     D:6: 81 daAuts
